Map: Orbital Shipyard

Players

LilDicky - Winner!

  • Race: Terran Terran
  • League: Diamond

MightY

  • Race: Protoss Protoss
  • League: Platinum

VOD

http://www.twitch.tv/tumescentpie

Description

Time

  • Played on: Dec. 3, 2015, 6:25 p.m.
  • Length: 7:35
Show
View Real Time Build Order
Export as new Build Order

LilDicky Terran - Winner!

Build Orders: MMM Bio 

Get SALT Encoding   

  12  0:03  SCV  
  13  0:15  SCV  
  13  0:20  Supply Depot  
  14  0:27  SCV  
  15  0:34  Refinery  
  15  0:42  SCV  
  16  0:45  Barracks  
  16  0:54  SCV  
  17  1:06  SCV  
  18  1:18  SCV  
  19  1:30  SCV  
  20  1:33  Supply Depot, Marine  
  21  1:42  Orbital Command  
  21  1:46  Refinery  
  21  1:50  Factory  
  21  1:53  Marine  
  22  2:05  Barracks x2  
  23  2:08  SCV  
  23  2:13  Refinery  
  23  2:20  SCV  
  23  2:21  Barracks Reactor  
  24  2:42  SCV  
  25  2:54  SCV  
  25  2:56  Widow Mine  
  25  2:58  Marine x2  
  28  2:59  Barracks Tech Lab x2  
  29  3:06  Supply Depot, SCV  
  30  3:17  Marine  
  31  3:21  Combat Shields, Stimpack  
  31  3:27  SCV, Marine x3, Widow Mine  
  35  3:36  Supply Depot  
  35  3:39  SCV  
  36  3:46  Marauder, Marine  
  39  3:53  Starport  
  39  3:58  Marauder, Marine  
  40  4:04  SCV, Marine  
  40  4:07  Marine  
  43  4:15  Supply Depot, Marine  
  43  4:16  SCV  
  45  4:20  Marauder  
  47  4:28  Supply Depot  
  47  4:37  SCV, Medivac, Marine  
  51  5:18  SCV  
  52  5:41  Widow Mine  
  51  6:23  Marine x2  
  51  6:24  Marauder  
  55  6:30  Widow Mine  
Show
View Real Time Build Order
Export as new Build Order

MightY Protoss 

Build Orders: 1 Gate Expand 

Get SALT Encoding   

  12  0:00  Probe (Chrono Boost)  
  13  0:11  Probe (Chrono Boost)  
  14  0:23  Probe (Chrono Boost), Pylon  
  15  0:41  Probe (Chrono Boost)  
  16  0:43  Gateway  
  16  1:02  Probe (Chrono Boost)  
  17  1:10  Nexus  
  17  1:21  Assimilator  
  17  1:30  Cybernetics Core  
  17  1:40  Pylon  
  17  1:42  Probe (Chrono Boost)  
  18  1:52  Probe (Chrono Boost)  
  19  2:08  Probe (Chrono Boost)  
  20  2:09  Adept  
  22  2:28  Probe (Chrono Boost)  
  22  2:29  Probe (Chrono Boost), Assimilator  
  24  2:36  Pylon  
  23  2:39  Mothership Core (Chrono Boost)  
  25  2:45  Pylon  
  25  2:46  Probe (Chrono Boost)  
  26  2:55  Probe (Chrono Boost), Adept (Chrono Boost)  
  26  2:57  Probe  
  30  3:04  Warp Gate  
  30  3:09  Probe  
  31  3:19  Probe, Adept (Chrono Boost)  
  33  3:21  Probe  
  35  3:29  Probe, Robotics Facility  
  36  3:40  Pylon  
  36  3:56  Gateway  
  36  3:58  Gateway  
  36  4:03  Probe  
  36  4:04  Probe  
  36  4:09  Assimilator  
  38  4:13  Probe, Assimilator  
  38  4:16  Probe  
  40  4:22  Observer, Pylon  
  41  4:28  Probe  
  41  4:29  Probe  
  43  4:40  Probe, Pylon  
  43  4:41  Probe  
  43  4:44  Observer  
  46  4:50  Probe  
  46  4:52  Gateway  
  47  4:53  Probe, Gateway  
  48  5:01  Probe  
  48  5:04  Forge  
  48  5:05  Probe  
  50  5:12  Probe  
  51  5:18  Probe  
  56  5:22  Probe  
  56  5:27  Stalker  
  56  5:28  Stalker  
  55  5:43  Sentry  
  52  6:01  Stalker x2  
Tags
 
Add a new tag
Caveats
  • Supply blocks, unpowered buildings, or Contaminate may cause inaccurate times.
  • Supply counts are checked every 10 seconds.